 Dungeon Crawl Stone Soup version 0.23.0-3-gf3c87f2 (webtiles) character file.

Game seed: 12379244394782148845

2794625 Inarius the Axe Maniac (level 27, 254/273 HPs)
             Began as a Minotaur Wanderer on Feb 22, 2019.
             Was the Champion of Makhleb.
             Escaped with the Orb
             ... and 4 runes!
             The game lasted 02:19:36 (56792 turns).

Inarius the Axe Maniac (Minotaur Wanderer)         Turns: 56792, Time: 02:19:36

Health: 254/273    AC: 42    Str: 39    XL:     27
Magic:  29/29      EV: 10    Int: 10    God:    Makhleb [******]
Gold:   6828       SH: 33    Dex: 11    Spells: 26/26 levels left

rFire    + + .     SeeInvis .   M - +9 broad axe (vamp)
rCold    + + +     Gourm    .   J - +0 large shield
rNeg     + + .     Faith    .   g - +3 gold dragon scales
rPois    +         Spirit   .   (helmet unavailable)
rElec    +         Reflect  +   j - +2 cloak {MR+}
rCorr    .         Harm     .   y - +2 pair of gloves of Bad Feelings {rPois Str+2 Slay+6 Stlth-}
MR       +++..                  X - +1 pair of boots of Bitterness {rElec Int+2}
Stlth    ..........             E - +4 amulet of reflection
HPRegen  0.95/turn              S - ring "Open" {rF+ rN+ Str+5 Dex-4}
MPRegen  0.21/turn              t - ring "Potodes Vifi" {rC+ rN+ Str+4 Dex+2 Stlth+}

@: no status effects
A: retaliatory headbutt, horns 3, blurry vision 1, cold resistance 1, low mp 2,
regeneration 1, shaggy fur 1, sturdy frame 1
0: Orb of Zot
}: 4/15 runes: serpentine, barnacled, silver, abyssal
a: Minor Destruction, Lesser Servant of Makhleb, Major Destruction, Greater
Servant of Makhleb, Renounce Religion


You escaped.
You worshipped Makhleb.
Makhleb was exalted by your worship.
You were not hungry.

You visited 10 branches of the dungeon, and saw 52 of its levels.
You visited the Abyss 3 times.
You visited 1 bazaar.
You also visited: Trove, Gauntlet and Ice Cave.

You collected 9856 gold pieces.
You spent 3028 gold pieces at shops.

Inventory:

Hand Weapons
 p - a +5 broad axe of freezing
 M - a +9 vampiric broad axe (weapon)
Missiles
 K - 27 silver javelins (quivered)
Armour
 g - +3 gold dragon scales (worn)
 j - a +2 cloak of magic resistance (worn)
 y - the +2 pair of gloves of Bad Feelings (worn) {rPois Str+2 Slay+6 Stlth-}
   (You found it on level 1 of the Elven Halls)

   It affects your strength (+2).
   It affects your accuracy and damage with ranged weapons and melee attacks
   (+6).
   It protects you from poison.
   It makes you less stealthy.
 J - a +0 large shield (worn)
 X - the +1 pair of boots of Bitterness (worn) {rElec Int+2}
   (You found it in a Gauntlet)

   It affects your intelligence (+2).
   It insulates you from electricity.
 Y - the +0 mask of the Dragon {MR+ Slay+3 SInv}
   (You bought it in a shop in a bazaar)

   It affects your accuracy and damage with ranged weapons and melee attacks
   (+3).
   It affects your resistance to hostile enchantments.
   It lets you see invisible.
Jewellery
 a - the ring "Bupliune" {rN+ MR+}
   (You found it on level 3 of the Crypt)

   [ring of positive energy]

   It protects you from negative energy.
   It affects your resistance to hostile enchantments.
 d - the ring of Cukaaludgh {rF+ EV+6}
   (You found it in a treasure trove)

   [ring of evasion]

   It affects your evasion (+6).
   It protects you from fire.
 i - the ring "Xoocwau" {rF+ rC+ rN+ Int+2}
   (You found it on level 3 of the Crypt)

   [ring of positive energy]

   It affects your intelligence (+2).
   It protects you from fire.
   It protects you from cold.
   It protects you from negative energy.
 m - the ring "Vobe" {rElec rC+ AC+3}
   (You took it off a vault sentinel on level 5 of the Vaults)

   [ring of protection]

   It affects your AC (+3).
   It protects you from cold.
   It insulates you from electricity.
 t - the ring "Potodes Vifi" (right hand) {rC+ rN+ Str+4 Dex+2 Stlth+}
   (You found it on level 3 of the Crypt)

   [ring of dexterity]

   It affects your strength (+4).
   It affects your dexterity (+2).
   It protects you from cold.
   It protects you from negative energy.
   It makes you more stealthy.
 E - a +4 amulet of reflection (around neck)
 G - the ring of the Evening {rN+ Str+7 Dex+4}
   (You found it on level 7 of the Dungeon)

   [ring of positive energy]

   It affects your strength (+7).
   It affects your dexterity (+4).
   It protects you from negative energy.
 I - the ring of the Mage {Wiz MR++ Int+3}
   (You bought it in a shop in a bazaar)

   [ring of wizardry]

   It improves your spell success rate.
   It affects your intelligence (+3).
   It affects your resistance to hostile enchantments.
 S - the ring "Open" (left hand) {rF+ rN+ Str+5 Dex-4}
   (You found it on level 3 of the Crypt)

   [ring of positive energy]

   It affects your strength (+5).
   It affects your dexterity (-4).
   It protects you from fire.
   It protects you from negative energy.
Wands
 b - a wand of disintegration (39)
 r - a wand of acid (34)
 x - a wand of digging (1)
 C - a wand of clouds (3)
 Q - a wand of iceblast (81)
Scrolls
 e - 11 scrolls of fog
 k - a scroll of acquirement
 l - 20 scrolls of teleportation
 v - a scroll of silence
 D - 5 scrolls of fear
 L - 4 scrolls of holy word
 P - 9 scrolls of immolation
 R - 35 scrolls of remove curse
 T - 19 scrolls of identify
 V - 5 scrolls of blinking
 W - a scroll of summoning
Potions
 c - 8 potions of curing
 n - 14 potions of heal wounds
 o - 7 potions of resistance
 u - 5 potions of might
 w - 3 potions of mutation
 A - 5 potions of flight
 F - 3 potions of magic
 H - 4 potions of agility
 N - 8 potions of haste
 O - 2 potions of berserk rage
 Z - 5 potions of cancellation
Miscellaneous
 q - a lamp of fire
 s - 4 phantom mirrors
Comestibles
 f - 96 rations


   Skills:
 O Level 27 Fighting
   Level 2.4 Long Blades
 O Level 27 Axes
   Level 1.6(18.8) Polearms
 - Level 1.0 Throwing
 O Level 27 Armour
 - Level 2.1 Dodging
 O Level 27 Shields
 * Level 23.1 Invocations
 + Level 6.8 Evocations


You had 26 spell levels left.
You didn't know any spells.
Your spell library contained the following spells:

 Spells                   Type           Power        Failure   Level  Hunger
 Animate Skeleton         Necr           N/A          73%         1    ##.....
 Apportation              Tloc           #.....       73%         1    ##.....
 Confusing Touch          Hex            #.....       73%         1    ##.....
 Corona                   Hex            #......      73%         1    ##.....
 Flame Tongue             Conj/Fire      #....        73%         1    ##.....
 Infusion                 Chrm           #...         73%         1    ##.....
 Magic Dart               Conj           #...         73%         1    ##.....
 Shock                    Conj/Air       #...         73%         1    ##.....
 Sting                    Conj/Pois      #...         73%         1    ##.....
 Summon Butterflies       Summ           #.......     73%         1    ##.....
 Summon Small Mammal      Summ           #...         73%         1    ##.....
 Call Imp                 Summ           #.......     86%         2    ###....
 Corpse Rot               Necr           N/A          86%         2    ###....
 Ensorcelled Hibernation  Hex/Ice        #.....       86%         2    ###....
 Poisonous Vapours        Pois/Air       #.....       86%         2    ###....
 Searing Ray              Conj           #.....       86%         2    ###....
 Shroud of Golubria       Chrm/Tloc      #.........   86%         2    ###....
 Song of Slaying          Chrm           #.......     86%         2    ###....
 Sublimation of Blood     Necr           #.........   86%         2    ###....
 Swiftness                Chrm/Air       #.......     86%         2    ###....
 Throw Flame              Conj/Fire      #.....       86%         2    ###....
 Throw Frost              Conj/Ice       #.....       86%         2    ###....
 Call Canine Familiar     Summ           #.......     97%         3    ####...
 Confuse                  Hex            #.......     97%         3    ####...
 Conjure Flame            Conj/Fire      #.......     97%         3    ####...
 Dazzling Spray           Conj/Hex       #.....       97%         3    ####...
 Gell's Gravitas          Tloc           #.........   97%         3    ####...
 Ignite Poison            Fire/Tmut/Pois #.......     97%         3    ####...
 Inner Flame              Hex/Fire       #.......     97%         3    ####...
 Lesser Beckoning         Tloc           #.........   97%         3    ####...
 Mephitic Cloud           Conj/Pois/Air  #.......     97%         3    ####...
 Ozocubu's Armour         Chrm/Ice       #.......     97%         3    ####...
 Recall                   Summ/Tloc      N/A          97%         3    ####...
 Regeneration             Chrm/Necr      #.........   97%         3    ####...
 Spectral Weapon          Hex/Chrm       #.......     97%         3    ####...
 Spider Form              Tmut/Pois      #.........   97%         3    ####...
 Static Discharge         Conj/Air       #.......     97%         3    ####...
 Summon Guardian Golem    Hex/Summ       #.......     97%         3    ####...
 Tukima's Dance           Hex            #.......     97%         3    ####...
 Airstrike                Air            #.........   100%        4    #####..
 Animate Dead             Necr           N/A          100%        4    #####..
 Force Lance              Conj/Tloc      #.......     100%        4    #####..
 Fulminant Prism          Conj/Hex       #.........   100%        4    #####..
 Ice Form                 Ice/Tmut       #.......     100%        4    #####..
 Iskenderun's Mystic Bla  Conj           #.......     100%        4    #####..
 Leda's Liquefaction      Hex/Erth       #.........   100%        4    #####..
 Petrify                  Tmut/Erth      #.......     100%        4    #####..
 Sticky Flame             Conj/Fire      #.......     100%        4    #####..
 Summon Ice Beast         Ice/Summ       #.......     100%        4    #####..
 Summon Lightning Spire   Summ/Air       #.......     100%        4    #####..
 Agony                    Necr           #.......     100%        5    ######.
 Alistair's Intoxication  Tmut/Pois      #.......     100%        5    ######.
 Aura of Abjuration       Summ           #.........   100%        5    ######.
 Bolt of Draining         Conj/Necr      #.........   100%        5    ######.
 Bolt of Magma            Conj/Fire/Erth #.........   100%        5    ######.
 Borgnjor's Vile Clutch   Necr/Erth      #.........   100%        5    ######.
 Dispel Undead            Necr           #.......     100%        5    ######.
 Excruciating Wounds      Chrm/Necr      #.........   100%        5    ######.
 Fireball                 Conj/Fire      #.........   100%        5    ######.
 Irradiate                Conj/Tmut      #.........   100%        5    ######.
 Iskenderun's Battlesphe  Conj/Chrm      #.......     100%        5    ######.
 Lightning Bolt           Conj/Air       #.........   100%        5    ######.
 Metabolic Englaciation   Hex/Ice        #.........   100%        5    ######.
 Silence                  Hex/Air        #.........   100%        5    ######.
 Summon Demon             Summ           #.........   100%        5    ######.
 Summon Forest            Summ/Tloc      #.........   100%        5    ######.
 Summon Mana Viper        Hex/Summ       #.......     100%        5    ######.
 Venom Bolt               Conj/Pois      #.........   100%        5    ######.
 Yara's Violent Unravell  Hex/Tmut       #.........   100%        5    ######.
 Bolt of Cold             Conj/Ice       #.........   100%        6    #######
 Bolt of Fire             Conj/Fire      #.........   100%        6    #######
 Conjure Ball Lightning   Conj/Air       #.........   100%        6    #######
 Darkness                 Hex            #.........   100%        6    #######
 Death Channel            Necr           #.........   100%        6    #######
 Deflect Missiles         Chrm/Air       #.........   100%        6    #######
 Dispersal                Tloc           #.........   100%        6    #######
 Freezing Cloud           Conj/Ice/Air   #.........   100%        6    #######
 Hydra Form               Tmut           #.........   100%        6    #######
 Invisibility             Hex            #.......     100%        6    #######
 Iron Shot                Conj/Erth      #.........   100%        6    #######
 Ozocubu's Refrigeration  Ice            #.........   100%        6    #######
 Shadow Creatures         Summ           N/A          100%        6    #######
 Simulacrum               Ice/Necr       #.........   100%        6    #######
 Statue Form              Tmut/Erth      #........    100%        6    #######
 Dragon Form              Tmut           #.........   100%        7    #######
 Orb of Destruction       Conj           #.........   100%        7    #######
 Ring of Flames           Chrm/Fire      #.........   100%        7    #######
 Spellforged Servitor     Conj/Summ      #.........   100%        7    #######
 Summon Hydra             Summ           #.........   100%        7    #######
 Ignition                 Fire           #.........   100%        8    #######
 Dragon's Call            Summ           #.........   100%        9    #######
 Tornado                  Air            #.........   100%        9    #######


Dungeon Overview and Level Annotations

Branches:
Dungeon (15/15)            Temple (0/1) D:6            Lair (6/6) D:11
 Shoals (4/4) Lair:3        Snake (4/4) Lair:4        Slime (0/5) Lair:5
    Orc (2/2) D:9             Elf (3/3) Orc:2        Vaults (5/5) D:13
  Crypt (3/3) Vaults:2       Tomb (0/3) Crypt:3      Depths (5/5) D:15
    Zot (5/5) Depths:5

Altars:
Dithmenos
Fedhas
Hepliaklqana
Makhleb
Nemelex Xobeh
Okawaru
Qazlal
Trog
Uskayaw
Xom
Yredelemnul
Zin
Jiyva

Shops:
D:13 [   Orc:1 (   Orc:2 =?[%[   Vaults:3 !   Depths:2 }   Depths:5 }=}

Portals:
Hell: Depths:1 Depths:2 Depths:3 Depths:4 Depths:5
Abyss: Depths:4
Pandemonium: Depths:1 Depths:3
Ziggurat: Depths:4


Innate Abilities, Weirdness & Mutations

You reflexively headbutt those who attack you in melee.
You have a pair of large horns on your head.
Scrolls take you a little longer to read.
Your flesh is cold resistant. (rC+)
Your magical capacity is very low. (-20% MP)
Your natural rate of healing is unusually fast.
You are covered in fur. (AC +1)
Your movements are slightly less encumbered by armour. (ER -2)


Message History

The lich casts a spell.
The lich mumbles some strange words.
Evoke which item? (* to show all) (? for menu, Esc to quit)
Aiming: Dig
Press: ? - help, Shift-Dir - straight line A rock wall.
This square is covered in magical glow.
The rock shatters into small pieces.
The lich casts a spell.
The lich flickers and vanishes!
Deactivating autopickup; reactivate with Ctrl-A.
Unaingol gestures at you.
The orb of electricity explodes!
The orb of electricity engulfs you! You resist. Unaingol gestures at you.
The bolt of fire hits you but does no damage.
There is a staircase leading out of the dungeon here.
Unaingol gestures at you. The bolt of fire hits you! You resist.
You have escaped!

.#..#.....#.####.###...###.#
.#..###...#.# #.#.......#.#
#...#.....#.# #.#.⌠.#.⌠.#.#
....#.#4#.#.# #.....#.....#
##..#.#&#.#.# #....###....#
##....#.#.#.# ####..#..####
......#...#.# #..'.....'..#
###.##.####.####..###'###..#
#.......&.....@.......#..#
#.#######.#.##############
#.# #....#.# #.# #......#
### #.####.# ### ###


You could see Unaingol.

Vanquished Creatures
  A pandemonium lord (D:7)
  7 ancient liches
  9 orbs of fire
  2 juggernauts
  The ghost of Ewacelol the Axe Maniac, a veteran MiBe of Trog (Depths:4)
  5 Killer Klowns
  Sojobo (Vaults:4)
  Frederick (Depths:3)
  The ghost of Hufytuc the Slayer, a veteran KoBe of Trog (Depths:4)
  4 curse toes
  4 caustic shrikes (Depths:5)
  Nikola (Snake:1)
  13 golden dragons
  A bone dragon (Crypt:3)
  An iron giant (Depths:4)
  5 electric golems
  The ghost of Somebody the Slayer, an adept DsBe of Trog (Vaults:4)
  The ghost of Lemic the Warrior, a veteran VSAs of Qazlal (Depths:4)
  An Ice Fiend (Depths:2)
  6 liches
  A Hell Sentinel (D:7)
  19 tentacled monstrosities
  5 titans
  27 Orb Guardians
  Asterion (Snake:1)
  16 quicksilver dragons
  2 deep elf master archers (Elf:3)
  3 deep elf blademasters
  The ghost of DungeonDestroyer the Peltast, an adept MiFi of Okawaru (Shoals:3)
  8 death cobs
  A kraken (Shoals:2)
  3 tentacled starspawn (Abyss:4)
  Polyphemus (Shoals:4)
  6 sphinxes
  20 storm dragons
  Agnes (D:14)
  8 tengu reavers
  A warmonger (Zot:1)
  2 revenants
  7 draconian monks
  14 shadow dragons
  Donald (Crypt:1)
  The ghost of Vatovie the Impaler, a journeyman MiBe of Trog (Elf:1)
  5 fire giants
  3 orc warlords (Vaults:5)
  A frost giant (shapeshifter) (Abyss:4)
  6 nagarajas
  22 vault wardens
  15 frost giants
  9 draconian scorchers
  2 iron dragons
  A ghost moth (Zot:5)
  5 deep elf sorcerers
  8 draconian knights
  A curse skull (Crypt:3)
  13 draconian shifters
  Louise (D:14)
  4 ghouls (Crypt:2)
  4 deep elf elementalists
  The ghost of tatocazan the Carver, a journeyman MiFi of Okawaru (Orc:1)
  A balrug (Depths:3)
  8 draconian annihilators
  13 ironheart preservers
  2 reapers
  An angel (Abyss:3)
  23 stone giants
  11 draconian stormcallers
  3 war gargoyles (Crypt:3)
  3 entropy weavers
  4 spriggan defenders
  16 very ugly things
  2 grey draconians (Depths:5)
  10 black draconians
  5 vampire knights
  Azrael (D:14)
  3 ophanim
  3 deep elf demonologists
  5 dire elephants (Lair:6)
  9 deep elf annihilators
  18 red draconians
  13 green draconians
  2 minotaurs
  5 yellow draconians
  29 purple draconians
  22 white draconians
  16 ettins
  3 merfolk javelineers
  8 deep elf death magi
  A green death (Depths:1)
  3 eidola (Crypt:1)
  4 jiangshi
  9 merfolk impalers
  4 deep elf high priests
  2 great orbs of eyes
  11 fire dragons
  12 ice dragons
  8 hydras
  9 yaktaur captains
  39 vault guards
  A rakshasa (Vaults:3)
  17 naga warriors
  A hydra (shapeshifter) (Vaults:5)
  4 spriggan air magi
  9 anacondas
  An alligator snapping turtle (Shoals:1)
  20 ogre magi
  5 merfolk avatars
  5 merfolk aquamancers
  A catoblepas (Shoals:4)
  4 centaur warriors
  2 satyrs
  5 death knights
  3 tengu warriors
  10 death yaks
  69 two-headed ogres
  33 dancing weapons
  4 thrashing horrors (Abyss:4)
  2 hell hogs (Depths:1)
  5 deep troll earth magi
  4 deep troll shamans
  2 vampire magi
  An orc high priest (Elf:2)
  13 naga sharpshooters
  2 soul eaters
  A sun demon (Depths:3)
  5 spriggan berserkers
  4 shock serpents
  21 deep elf knights
  2 spriggans
  A fire crab (Gauntlet)
  A salamander mystic (Snake:3)
  45 skeletal warriors
  3 storm dragon zombies
  A titan skeleton (Crypt:2)
  6 shadow wraiths
  A sixfirhy (Abyss:4)
  2 cherubim (Abyss:3)
  5 hell knights (Vaults:5)
  3 iron trolls (Depths:4)
  4 unseen horrors
  A glowing orange brain (shapeshifter) (Vaults:5)
  12 sea snakes
  7 naga ritualists
  An infernal demonspawn (Zot:1)
  2 anaconda zombies
  6 deep elf archers
  3 torturous demonspawn
  An unseen horror (shapeshifter) (Vaults:3)
  3 wizards
  A swamp dragon (shapeshifter) (Depths:3)
  3 glowing orange brains
  A shadow demon (D:12)
  An obsidian statue (Zot:5)
  2 lindwurms (Depths:3)
  14 orc knights
  20 harpies
  17 deep trolls
  6 swamp dragons
  17 ironbrand convokers
  7 phantasmal warriors
  3 flayed ghosts
  4 wolf spiders
  7 necromancers
  7 orc sorcerers
  52 deep elf magi
  9 fauns
  22 ugly things
  An oklob plant (Snake:1)
  8 salamanders
  2 frost giant zombies
  A glowing shapeshifter (Vaults:5)
  A sphinx skeleton (Vaults:2)
  6 mana vipers
  2 shining eyes (shapeshifter)
  2 worldbinders
  3 guardian serpents (shapeshifter)
  27 moths of wrath
  10 cyclopes
  A stone giant zombie (Crypt:2)
  13 manticores
  10 fire giant skeletons (Crypt:3)
  2 stone giant skeletons
  11 elephants (Lair:6)
  A dire elephant zombie (Crypt:2)
  A rust devil (D:7)
  21 vault sentinels
  3 ice statues (IceCv)
  23 naga magi
  6 water nymphs
  6 merfolk sirens
  37 black mambas
  Maurice (D:8)
  3 human skeletons (Vaults:2)
  The ghost of feelmyfire the Sneak, a novice NaTm (D:5)
  A smoke demon (Abyss:4)
  12 spiny frogs
  A torpor snail (Lair:3)
  An apocalypse crab (Abyss:4)
  4 gargoyles (Crypt:3)
  3 guardian serpents
  2 orange demons (Depths:1)
  A green draconian zombie (Crypt:1)
  4 rime drakes
  A kobold demonologist (D:14)
  45 yaktaurs
  A hellion (D:7)
  12 freezing wraiths
  2 ancient zymes (Abyss:4)
  A dire elephant skeleton (Crypt:3)
  A catoblepas skeleton (Crypt:1)
  A hydra zombie (Crypt:2)
  2 efreet
  A guardian mummy (Crypt:3)
  9 komodo dragons
  4 red devils
  A death drake zombie (Crypt:1)
  3 tengu conjurers
  30 merfolk
  2 trolls (shapeshifter)
  A hydra skeleton (Crypt:3)
  13 trolls
  A polar bear (Lair:5)
  2 jumping spiders (Vaults:5)
  2 polar bears (shapeshifter)
  6 hornets
  A meliai (shapeshifter) (Depths:3)
  2 wind drakes
  A raiju (Abyss:4)
  25 blink frogs
  28 slime creatures
  3 bog bodies (Crypt:2)
  10 hippogriffs
  A fire dragon zombie (Crypt:2)
  15 dream sheep
  5 snapping turtles
  2 centaur simulacra
  3 redbacks
  A stone giant simulacrum (Vaults:1)
  4 air elementals (Elf:1)
  6 fire dragon skeletons (Crypt:3)
  A vampire (D:10)
  42 yaks
  2 alligator skeletons
  6 shadows
  34 water elementals
  10 flying skulls
  A tarantella (Vaults:5)
  6 wyverns
  2 black mamba skeletons (Crypt:3)
  An ice dragon skeleton (Crypt:2)
  8 wraiths
  An ushabti (Crypt:3)
  A ynoxinul (Depths:1)
  A chaos spawn (Depths:3)
  4 basilisks
  A human (shapeshifter) (D:13)
  6 hungry ghosts
  3 fire bats (Gauntlet)
  18 large abominations
  A basilisk (shapeshifter) (Vaults:4)
  A yaktaur simulacrum (Vaults:2)
  A neqoxec (Abyss:4)
  2 vampire mosquitoes (D:15)
  6 fire elementals
  8 wargs
  An acid dragon (Vaults:2)
  45 nagas
  15 hell hounds
  2 glowing shapeshifter zombies (Crypt:2)
  A water moccasin (shapeshifter) (Elf:1)
  A two-headed ogre skeleton (Crypt:1)
  13 water moccasins
  A hornet zombie (D:8)
  12 porcupines
  A human zombie (Vaults:2)
  61 orc warriors
  3 sky beasts
  4 swamp drakes (Depths:3)
  16 ice beasts
  An eye of draining (D:10)
  An ice beast (shapeshifter) (Depths:3)
  2 spiny frog skeletons
  A necrophage (D:8)
  A tengu (shapeshifter) (Vaults:1)
  59 ogres
  10 wolves
  A phantom (D:11)
  4 boggarts (Vaults:3)
  31 centaurs
  An orc skeleton (Vaults:2)
  15 crocodiles
  A rime drake skeleton (Crypt:2)
  2 big kobolds
  2 earth elementals
  14 bullfrogs
  A spiny frog simulacrum (Gauntlet)
  A yaktaur skeleton (Crypt:1)
  8 scorpions
  14 killer bees
  A water moccasin skeleton (D:12)
  A yak zombie (Crypt:2)
  A spriggan zombie (Crypt:1)
  11 wights
  7 howler monkeys
  4 electric eels
  7 crimson imps
  4 quasits
  A wyvern simulacrum (Gauntlet)
  7 centaur skeletons
  4 jellies
  13 small abominations
  3 centaur zombies
  A demonspawn zombie (Crypt:2)
  20 orc priests
  8 hounds
  2 iron imps (Depths:1)
  22 orc wizards
  3 bullfrog skeletons
  2 iguanas
  13 worker ants
  A killer bee zombie (D:10)
  A bullfrog simulacrum (Gauntlet)
  An ogre zombie (Crypt:1)
  A hound zombie (D:10)
  A hound skeleton (Crypt:1)
  10 mummies (Crypt:3)
  A worker ant zombie (D:10)
  7 gnolls
  12 adders
  3 shadow imps
  5 white imps
  An ufetubus (Depths:1)
  A worm zombie (Crypt:2)
  An adder skeleton (D:6)
  3 worms
  A barachi skeleton (Crypt:1)
  2 dart slugs
  5 leopard geckos
  129 orcs
  A bat zombie (Crypt:1)
  11 giant cockroaches
  3 goblins
  5 hobgoblins
  14 jackals
  3 quokkas
  3 ball pythons
  10 bats
  6 frilled lizards
  A jackal skeleton (D:4)
  15 kobolds
  2 quokka skeletons
  6 rats
  4 crawling corpses (Elf:3)
  4 fungi
  19 plants
  5 starspawn tentacles (Abyss:4)
  4 tentacles (Shoals:2)
  3 withered plants (Crypt:3)
2647 creatures vanquished.

Vanquished Creatures (collateral kills)
  A hydra (D:15)
  A wyvern (D:11)
  A basilisk (Lair:4)
3 creatures vanquished.

Vanquished Creatures (others)
  Vashnia (Snake:4)
  A curse toe (Zot:5)
  A nagaraja (Snake:4)
  A vault warden (Vaults:3)
  A draconian annihilator (Zot:5)
  A stone giant (Vaults:4)
  A deep elf demonologist (Elf:3)
  A deep elf annihilator (Elf:3)
  A black draconian (Zot:5)
  2 merfolk javelineers (Shoals:4)
  3 yaktaur captains
  A satyr (Shoals:4)
  2 centaur warriors
  A merfolk aquamancer (Shoals:4)
  An ogre mage (Vaults:1)
  A deep elf knight (Elf:1)
  4 deep elf archers
  A faun (Shoals:2)
  2 cyclopes
  A naga mage (Snake:2)
  9 yaktaurs
  A large abomination (Abyss:4)
  2 centaurs
  An orc (D:12)
  4 bushes
  10 fungi
  12 plants
  7 starspawn tentacles (Abyss:4)
  6 tentacles (Shoals:2)
  4 withered plants
84 creatures vanquished.

Grand Total: 2734 creatures vanquished

Notes
Turn   | Place    | Note
-------+----------+-------------------------------------------
     0 | D:1      | Inarius the Minotaur Wanderer began the quest for the Orb.
     0 | D:1      | Inarius set off with the following items: a +2 falchion, a
                  | potion of lignification, a potion of curing, a +0 robe, a
                  | ration
     0 | D:1      | Reached XP level 1. HP: 19/19 MP: 0/0
   575 | D:1      | You fall through a shaft!
   586 | D:2      | Reached XP level 2. HP: 27/27 MP: 1/1
   857 | D:2      | Reached XP level 3. HP: 35/35 MP: 2/2
   932 | D:2      | Reached skill level 5 in Fighting
   979 | D:2      | Reached XP level 4. HP: 10/44 MP: 3/3
  2866 | D:3      | Reached XP level 5. HP: 51/51 MP: 4/4
  3355 | D:4      | Noticed a centaur
  3357 | D:4      | Found a blossoming altar of Fedhas.
  3502 | D:4      | Killed a centaur
  3502 | D:4      | Reached skill level 1 in Axes
  3809 | D:4      | Reached XP level 6. HP: 30/58 MP: 5/5
  5037 | D:5      | Entered Level 5 of the Dungeon
  5045 | D:5      | Reached skill level 5 in Armour
  5333 | D:5      | Noticed feelmyfire's ghost (novice NaTm)
  5334 | D:5      | Noticed a sky beast
  5336 | D:5      | Reached XP level 7. HP: 66/66 MP: 6/6
  5337 | D:5      | Found a runed translucent door.
  5617 | D:6      | Found a burning altar of Makhleb.
  5664 | D:6      | Reached skill level 1 in Evocations
  5671 | D:6      | Reached skill level 5 in Axes
  5959 | D:6      | Reached XP level 8. HP: 68/73 MP: 6/8
  5990 | D:6      | Became a worshipper of Makhleb the Destroyer
  6126 | D:6      | Found a shimmering altar of Xom.
  6300 | D:6      | Found a staircase to the Ecumenical Temple.
  6481 | D:7      | Reached skill level 1 in Invocations
  6713 | D:7      | Found a hazy altar of Hepliaklqana.
  6713 | D:7      | Found a stormy altar of Qazlal.
  6715 | D:7      | Found a glowing silver altar of Zin.
  6730 | D:7      | Found a basalt altar of Yredelemnul.
  6875 | D:7      | Got a scorched iron ring
  6877 | D:7      | Identified the ring of the Evening {rN+ Str+7 Dex+4} (You
                  | found it on level 7 of the Dungeon)
  7233 | D:7      | Reached * piety under Makhleb
  7496 | D:8      | Noticed a two-headed ogre
  7502 | D:8      | Killed a two-headed ogre
  7502 | D:8      | Reached XP level 9. HP: 73/82 MP: 9/9
  7542 | D:8      | Reached skill level 10 in Axes
  7603 | D:8      | Reached ** piety under Makhleb
  7607 | D:8      | Noticed a two-headed ogre
  7708 | D:8      | Noticed Maurice
  7713 | D:8      | Killed Maurice
  7805 | D:8      | Killed a two-headed ogre
  7805 | D:8      | Reached XP level 10. HP: 77/91 MP: 11/11
  8062 | D:8      | Noticed a manticore
  8347 | D:8      | Noticed a +0 dagger
  8347 | D:8      | Noticed a +0 hand axe
  8354 | D:8      | Found a hide-covered altar of Uskayaw.
  9287 | D:9      | Found a staircase to the Orcish Mines.
  9397 | D:10     | Entered Level 10 of the Dungeon
  9405 | D:9      | Reached skill level 10 in Fighting
  9852 | D:10     | Reached *** piety under Makhleb
  9861 | D:10     | Reached XP level 11. HP: 76/101 MP: 13/13
  9865 | D:10     | Killed an unseen horror
 10328 | D:5      | Killed feelmyfire's ghost
 10476 | D:11     | Found a portal to a secret trove of treasure.
 10616 | D:11     | Reached skill level 5 in Invocations
 10666 | D:11     | Noticed a white ugly thing
 10676 | D:11     | Reached **** piety under Makhleb
 10683 | D:11     | Killed a white ugly thing
 10801 | D:11     | Identified Milug's Almanac of Cold and Damage Dealing
 10833 | D:11     | Reached skill level 10 in Armour
 11018 | D:11     | Found a staircase to the Lair.
 11086 | D:11     | Got a pitted ring mail
 11097 | Lair:1   | Entered Level 1 of the Lair of Beasts
 11215 | Lair:1   | Noticed a five-headed hydra
 11224 | Lair:1   | Killed a nine-headed hydra
 11796 | Lair:1   | Reached XP level 12. HP: 108/111 MP: 15/15
 12044 | Lair:2   | Found a transporter.
 12216 | Lair:2   | Reached skill level 15 in Axes
 12223 | Lair:2   | Reached ***** piety under Makhleb
 12398 | Lair:2   | Identified the cursed +1 ring mail "Usosidan" {Int+3 Dex+4}
                  | (You found it on level 11 of the Dungeon)
 12515 | Lair:2   | Found a transporter.
 12801 | Lair:2   | Got a polished spear
 13085 | Lair:3   | Found a staircase to the Shoals.
 13102 | Lair:3   | Found a runed translucent door.
 13145 | Lair:3   | Noticed a seven-headed hydra
 13320 | Lair:3   | Noticed an eight-headed hydra
 13326 | Lair:2   | Killed a nine-headed hydra
 13423 | Lair:3   | Reached skill level 5 in Shields
 13618 | Lair:3   | Killed a seven-headed hydra
 13805 | Lair:3   | Noticed an eight-headed hydra
 13923 | Lair:3   | Killed an eight-headed hydra
 13923 | Lair:3   | Reached XP level 13. HP: 70/119 MP: 15/17
 14309 | Lair:4   | Identified the +6 spear "Talots" {pain, rElec rPois rC-
                  | Str-3} (You found it on level 2 of the Lair of Beasts)
 14343 | Lair:4   | Found a staircase to the Snake Pit.
 15424 | Lair:5   | Reached skill level 1 in Polearms
 15480 | Lair:5   | Found a staircase to the Slime Pits.
 15480 | Lair:5   | Found a viscous altar of Jiyva.
 16042 | Lair:6   | Entered Level 6 of the Lair of Beasts
 16055 | Lair:6   | Reached skill level 5 in Evocations
 16136 | Lair:6   | Reached ****** piety under Makhleb
 16148 | Lair:6   | Found a gate leading to a gauntlet.
 16191 | Gauntlet | Entered a Gauntlet
 16191 | Gauntlet | Found a transporter.
 16191 | Gauntlet | Found a transporter.
 16191 | Gauntlet | Found a transporter.
 16192 | Gauntlet | Found a transporter.
 16196 | Gauntlet | Found a transporter.
 16196 | Gauntlet | Found a transporter.
 16205 | Gauntlet | Found a transporter.
 16205 | Gauntlet | Found a transporter.
 16206 | Gauntlet | Found a transporter.
 16207 | Gauntlet | Found a transporter.
 16216 | Gauntlet | Found a transporter.
 16216 | Gauntlet | Found a transporter.
 16453 | Gauntlet | Got a warped jade ring
 16464 | Gauntlet | Identified the ring "Vaesilos" {Ice Dex+4} (You found it in
                  | a Gauntlet)
 16502 | Gauntlet | Reached XP level 14. HP: 99/132 MP: 18/18
 16507 | Gauntlet | Got a pair of faintly glowing boots
 16523 | Gauntlet | Identified the +1 pair of boots of Bitterness {rElec Int+2}
                  | (You found it in a Gauntlet)
 16663 | Gauntlet | Got a translucent jade ring
 16671 | Gauntlet | Identified the ring "Nufuo" {Str+5 Int+2 Dex-5 Stlth-} (You
                  | found it in a Gauntlet)
 18193 | D:12     | Found a shadowy altar of Dithmenos.
 18565 | D:13     | Reached skill level 15 in Fighting
 18769 | D:13     | Found a gate to the Vaults.
 18847 | D:13     | Identified the +4 scale mail of Jyqesm {Int+6}
 18965 | Orc:1    | Entered Level 1 of the Orcish Mines
 19029 | Orc:1    | Found Kuntanagoh's Antique Weapon Emporium.
 19030 | Orc:1    | Paralysed by an orc sorcerer for 5 turns
 19053 | Orc:1    | Bought a glowing broad axe for 259 gold pieces
 19091 | Orc:1    | You fall through a shaft!
 19091 | Orc:2    | Entered Level 2 of the Orcish Mines
 19208 | Orc:1    | Reached XP level 15. HP: 141/141 MP: 20/20
 19229 | Orc:1    | Noticed tatocazan's ghost (journeyman MiFi)
 19230 | Orc:1    | Identified the +7 great sword "Cumawair" {slice, Str+8}
 19240 | Orc:1    | Found a bloodstained altar of Trog.
 19249 | Orc:1    | Identified the +5 great mace of Wyrd {venom, MR+}
 19269 | Orc:1    | Found a transporter.
 19271 | Orc:1    | Found a transporter.
 19449 | Orc:2    | Found a frozen archway.
 19464 | IceCv    | Entered an ice cave
 20048 | Orc:2    | Found a staircase to the Elven Halls.
 20301 | Orc:2    | Found Zeruh's Armour Emporium.
 20301 | Orc:2    | Found Xetarch's Magic Scroll Boutique.
 20303 | Orc:2    | Found Wiwnatob's Jewellery Shop.
 20305 | Orc:2    | Found Gerown's Food Shoppe.
 20310 | Orc:2    | Bought a scroll of identify for 22 gold pieces
 20312 | Orc:2    | Bought a scroll of identify for 22 gold pieces
 20323 | Orc:2    | Bought a scroll of acquirement for 572 gold pieces
 20402 | Orc:2    | Found Vieghuul's Antique Armour Emporium.
 20636 | Orc:1    | Killed tatocazan's ghost
 21019 | D:13     | Found Xahets's Armour Emporium.
 21024 | D:13     | Bought a +2 plate armour of fire resistance for 400 gold
                  | pieces
 21268 | D:14     | Noticed Agnes
 21274 | D:14     | Noticed Louise
 21279 | D:14     | Killed Agnes
 21288 | D:14     | Killed Louise
 21393 | D:14     | You fall through a shaft!
 21393 | D:15     | Entered Level 15 of the Dungeon
 21482 | D:15     | Found a staircase to the Depths.
 21923 | D:14     | Noticed Azrael
 21933 | D:14     | Reached skill level 10 in Shields
 21939 | D:14     | Killed Azrael
 22728 | Depths:1 | Entered Level 1 of the Depths
 22793 | Depths:1 | Noticed a fire giant
 22804 | Depths:1 | Noticed a frost giant
 22805 | Depths:1 | Killed a fire giant
 22818 | Depths:1 | Killed a frost giant
 22911 | Depths:1 | Reached XP level 16. HP: 152/152 MP: 22/22
 22932 | Depths:1 | Found a gateway to Hell.
 22955 | Depths:1 | Reached skill level 10 in Invocations
 23423 | Depths:1 | Found a one-way gate leading to the halls of Pandemonium.
 23958 | Depths:2 | Noticed a lich
 23968 | Depths:2 | Paralysed by something for 6 turns
 23983 | Depths:2 | Killed a lich
 24075 | Depths:2 | Found Omiveep's Gadget Emporium.
 24075 | Depths:2 | Noticed a tengu reaver
 24199 | Depths:2 | Paralysed by an ogre mage for 6 turns
 24255 | Depths:2 | Killed a tengu reaver
 24293 | Depths:2 | Bought a wand of acid (6) for 340 gold pieces
 24820 | Depths:2 | Noticed a sphinx
 24842 | Depths:2 | Killed a sphinx
 24852 | Depths:2 | Noticed a tentacled monstrosity
 24865 | Depths:2 | Killed a tentacled monstrosity
 25229 | Depths:2 | Noticed a tentacled monstrosity
 25232 | Depths:2 | Noticed a tentacled monstrosity
 25235 | Depths:2 | Noticed a golden dragon
 25235 | Depths:2 | Reached XP level 17. HP: 163/163 MP: 24/24
 25236 | Depths:2 | Killed a tentacled monstrosity
 25242 | Depths:2 | Killed a tentacled monstrosity
 25250 | Depths:2 | Killed a golden dragon
 25255 | Depths:2 | Identified the +8 long sword of Bloodstone {slice, rElec
                  | rC+ MP+9}
 25439 | Depths:2 | Got a smelly plate armour
 25460 | Depths:2 | Identified the +6 plate armour of the Saviour {rPois Dex+2}
                  | (You found it on level 2 of the Depths)
 26070 | Depths:3 | Noticed Frederick
 26091 | Depths:3 | HP: 2/166 [Frederick/iron shot (60)]
 26487 | Depths:3 | Killed Frederick
 26636 | Depths:3 | Noticed a lich
 26647 | Depths:3 | Killed a lich
 27283 | Depths:3 | Reached XP level 18. HP: 176/176 MP: 25/25
 27802 | Depths:3 | Noticed a golden dragon
 27826 | Depths:3 | Killed a golden dragon
 27883 | Depths:3 | Identified the Tome of Entrancing Fire
 28437 | Depths:5 | Entered Level 5 of the Depths
 28582 | Depths:4 | Found a one-way gate to the infinite horrors of the Abyss.
 28629 | Depths:4 | Found a gateway to a ziggurat.
 29040 | Snake:1  | Entered Level 1 of the Snake Pit
 29247 | Snake:1  | Noticed Nikola
 29258 | Snake:1  | Killed Nikola
 29272 | Snake:1  | Noticed Asterion
 29285 | Snake:1  | Gained mutation: Your spells are a little easier to cast,
                  | but a little less powerful. [a cacodemon]
 29294 | Snake:1  | Killed Asterion
 30033 | Snake:2  | Found a sparkling altar of Nemelex Xobeh.
 30046 | Snake:2  | Reached XP level 19. HP: 185/185 MP: 27/27
 31447 | Snake:4  | Entered Level 4 of the Snake Pit
 31447 | Snake:4  | Noticed Vashnia
 31463 | Snake:4  | Reached skill level 15 in Shields
 31483 | Snake:4  | Killed Vashnia
 31880 | Snake:4  | Got a serpentine rune of Zot
 32070 | Shoals:1 | Entered Level 1 of the Shoals
 33440 | Shoals:2 | Reached skill level 15 in Armour
 33584 | Shoals:3 | Found a runed translucent door.
 33584 | Shoals:3 | Noticed DungeonDestroyer's ghost (adept MiFi)
 33592 | Shoals:3 | Reached XP level 20. HP: 198/198 MP: 28/28
 33632 | Shoals:3 | Killed DungeonDestroyer's ghost
 34348 | Shoals:4 | Entered Level 4 of the Shoals
 34679 | Shoals:4 | Noticed Polyphemus
 34699 | Shoals:4 | Killed Polyphemus
 35125 | Shoals:4 | Got a barnacled rune of Zot
 35506 | Elf:1    | Entered Level 1 of the Elven Halls
 35538 | Elf:1    | You fall through a shaft!
 35638 | Elf:2    | Reached XP level 21. HP: 206/206 MP: 30/30
 35698 | Elf:2    | Found a runed translucent gate.
 35789 | Elf:1    | Found a transporter.
 35832 | Elf:1    | Found a runed translucent door.
 35837 | Elf:1    | Found a shimmering altar of Xom.
 35837 | Elf:1    | Noticed Vatovie's ghost (journeyman MiBe)
 35837 | Elf:1    | Identified the +6 quarterstaff of Accidental Termination
                  | {chaos, rF+ rC+ MR+ Stlth+}
 35957 | Elf:1    | Got a pair of crude gloves
 35979 | Elf:1    | Identified the +2 pair of gloves of Bad Feelings {rPois
                  | Str+2 Slay+6 Stlth-} (You found it on level 1 of the Elven
                  | Halls)
 36079 | Elf:1    | Found a transporter.
 36331 | Elf:1    | Killed Vatovie's ghost
 36377 | Elf:1    | Cast into level 3 of the Abyss (the power of Zot)
 36378 | Abyss:3  | Found a corrupted altar of Lugonu.
 36468 | Abyss:3  | Found a glowing golden altar of the Shining One.
 36499 | Abyss:3  | Noticed a juggernaut
 36508 | Abyss:3  | Killed a juggernaut
 36516 | Abyss:3  | Got an abyssal rune of Zot
 36525 | Elf:1    | Escaped the Abyss
 36551 | Elf:1    | Identified the amulet of Trog's Generosity {Harm *Drain
                  | rPois Str+4} (You found it on level 1 of the Elven Halls)
 36561 | Elf:1    | Identified the amulet "Xeczie" {Regen+ Int+3} (You found it
                  | on level 1 of the Elven Halls)
 36798 | Elf:2    | Found a runed translucent gate.
 36800 | Elf:2    | Found a runed translucent gate.
 37023 | Elf:2    | Reached XP level 22. HP: 215/215 MP: 31/31
 37355 | Elf:3    | Entered Level 3 of the Elven Halls
 37638 | Vaults:1 | Entered Level 1 of the Vaults
 37901 | Vaults:1 | Cast into level 4 of the Abyss (the power of Zot)
 38074 | Vaults:1 | Escaped the Abyss
 38408 | Vaults:1 | Found a flickering gateway to a bazaar.
 38769 | Bazaar   | Entered a bazaar
 38769 | Bazaar   | Found Kappuceup's Armour Emporium.
 38776 | Bazaar   | Found Veuhiet's Jewellery Shop.
 38777 | Bazaar   | Bought the +0 mask of the Dragon {MR+ Slay+3 SInv} for 534
                  | gold pieces
 38777 | Bazaar   | Found the +0 mask of the Dragon {MR+ Slay+3 SInv}
 38804 | Bazaar   | Found Warch's Antique Weapon Shoppe.
 38813 | Bazaar   | Found Urafud's Gadget Shop.
 38821 | Bazaar   | Bought a wand of acid (7) for 176 gold pieces
 38839 | Bazaar   | Bought the ring of the Mage {Wiz MR++ Int+3} for 568 gold
                  | pieces
 38839 | Bazaar   | Found the ring of the Mage {Wiz MR++ Int+3}
 39413 | Vaults:1 | Reached skill level 15 in Invocations
 39595 | Vaults:2 | Reached XP level 23. HP: 227/227 MP: 33/33
 39958 | Vaults:2 | Found a staircase to the Crypt.
 40980 | Vaults:3 | Found Buwnyiwk's Distillery.
 40988 | Vaults:3 | Bought a potion of heal wounds for 75 gold pieces
 40988 | Vaults:3 | Bought a potion of agility for 60 gold pieces
 41211 | D:11     | You paid a toll of 7 potions of agility to enter a treasure
                  | trove
 41212 | Trove    | Entered a treasure trove
 41239 | Trove    | Got a scorched diamond amulet
 41244 | Trove    | Got a vibrating bone ring
 41269 | Trove    | Identified the amulet of Nexzon {Harm *Drain Fragile rElec
                  | Int-5 Dex+6} (You found it in a treasure trove)
 41272 | Trove    | Identified the ring of Cukaaludgh {rF+ EV+6} (You found it
                  | in a treasure trove)
 41274 | Trove    | Identified the cursed +1 war axe "Ethrea" {chop, rN+} (You
                  | found it in a treasure trove)
 42864 | Vaults:4 | Noticed Sojobo
 42870 | Vaults:4 | Killed Sojobo
 42870 | Vaults:4 | Reached XP level 24. HP: 239/239 MP: 33/33
 42889 | Vaults:4 | Found a runed translucent gate.
 42889 | Vaults:4 | Found a runed translucent gate.
 42891 | Vaults:4 | Found a runed translucent gate.
 42892 | Vaults:4 | Noticed Somebody's ghost (adept DsBe)
 43134 | Vaults:4 | Found an iron altar of Okawaru.
 43149 | Vaults:4 | Killed Somebody's ghost
 44244 | Elf:3    | Identified the +3 hat "Onotir" {*Contam rElec rC- Str+3
                  | Dex+2} (You found it on level 3 of the Elven Halls)
 44285 | Elf:3    | Identified the amulet "Atoamm" {Faith Dex+9} (You found it
                  | on level 3 of the Elven Halls)
 44293 | Elf:3    | Identified the Tome of Feathery Venom
 44303 | Elf:3    | Identified the Almanac of Conjuration
 44917 | Vaults:5 | Entered Level 5 of the Vaults
 44922 | Vaults:5 | Noticed an ancient lich
 44948 | Vaults:5 | Killed an ancient lich
 45000 | Vaults:5 | Identified the +8 trident of Callousness {pierce, rC+}
 45002 | Vaults:5 | Reached XP level 25. HP: 249/249 MP: 34/34
 45040 | Vaults:5 | Reached skill level 27 in Axes
 45281 | Vaults:5 | Got a silver rune of Zot
 45288 | Vaults:5 | Identified the Grimoire of the Creative Snowflakes
 45340 | Vaults:5 | Identified Sif Muna's Papyrus of Helpful Creation
 45649 | Vaults:5 | Identified the Incunabulum of Contamination and Execration
 45941 | Vaults:5 | Identified the ring "Vobe" {rElec rC+ AC+3}
 46072 | Vaults:5 | Identified the Incunabulum of the Shore
 46295 | Vaults:5 | Identified the +0 chain mail "Kacuehib" {Int+4} (You found
                  | it on level 5 of the Vaults)
 46413 | Crypt:1  | Entered Level 1 of the Crypt
 46551 | Crypt:1  | Found a basalt altar of Yredelemnul.
 46977 | Crypt:1  | Noticed Donald
 46988 | Crypt:1  | Killed Donald
 47035 | Crypt:1  | Reached skill level 27 in Fighting
 47121 | Crypt:2  | Reached XP level 26. HP: 204/265 MP: 34/34
 47737 | Crypt:3  | Entered Level 3 of the Crypt
 48085 | Crypt:3  | Got a wavering bronze ring
 48089 | Crypt:3  | Identified the ring "Potodes Vifi" {rC+ rN+ Str+4 Dex+2
                  | Stlth+} (You found it on level 3 of the Crypt)
 48713 | Crypt:3  | Found a staircase to the Tomb.
 48725 | Crypt:3  | Noticed an ancient lich
 48733 | Crypt:3  | Killed an ancient lich
 48738 | Crypt:3  | Found the +12 Vampire's Tooth {vamp}
 48747 | Crypt:3  | Got a heavily runed silver ring
 48747 | Crypt:3  | Got a heavily runed bone ring
 48753 | Crypt:3  | Identified the ring "Bupliune" {rN+ MR+} (You found it on
                  | level 3 of the Crypt)
 48754 | Crypt:3  | Identified the ring "Open" {rF+ rN+ Str+5 Dex-4} (You found
                  | it on level 3 of the Crypt)
 48755 | Crypt:3  | Identified the ring "Xoocwau" {rF+ rC+ rN+ Int+2} (You
                  | found it on level 3 of the Crypt)
 48772 | Crypt:3  | Noticed an ancient lich
 48777 | Crypt:3  | Killed an ancient lich
 48781 | Crypt:3  | Identified Catogaw's Advanced Steps in Thaumaturgy
 49957 | Depths:4 | Found a runed translucent door.
 49958 | Depths:4 | Noticed Hufytuc's ghost (veteran KoBe)
 50336 | Depths:4 | Killed Hufytuc's ghost
 50346 | Depths:4 | Found a runed translucent door.
 50350 | Depths:4 | Noticed Ewacelol's ghost (veteran MiBe)
 50367 | Depths:4 | Killed Ewacelol's ghost
 50388 | Depths:4 | Found a runed translucent door.
 50388 | Depths:4 | Noticed Lemic's ghost (veteran VSAs)
 50394 | Depths:4 | Killed Lemic's ghost
 50430 | Depths:4 | Identified the cursed ring of Ryxkeres {rPois AC-2 Dex+4}
                  | (You found it on level 4 of the Depths)
 50876 | Depths:5 | Found Othrik's Gadget Shop.
 50877 | Depths:5 | Found Hod Asot's Jewellery Shoppe.
 50878 | Depths:5 | Found Onanud's Gadget Shop.
 51013 | Depths:5 | Identified the +5 chain mail of the Exiled Ships {+Fly
                  | Str+2} (You found it on level 5 of the Depths)
 51057 | Depths:5 | Reached XP level 27. HP: 272/272 MP: 35/35
 51170 | Depths:5 | Found a gate to the Realm of Zot.
 51509 | Zot:1    | Entered Level 1 of the Realm of Zot
 52616 | Zot:2    | Noticed an orb of fire
 52627 | Zot:2    | Killed an orb of fire
 52806 | Zot:2    | Reached skill level 27 in Shields
 53136 | Zot:2    | Cast into level 5 of the Abyss (the power of Zot)
 53136 | Abyss:5  | Entered Level 5 of the Abyss
 53136 | Abyss:5  | Entered Level 5 of the Abyss
 53136 | Abyss:5  | Entered Level 5 of the Abyss
 53163 | Zot:2    | Escaped the Abyss
 53198 | Zot:2    | Noticed an orb of fire
 53200 | Zot:2    | Gained mutation: Your body sometimes deteriorates upon
                  | taking damage. [an orb of fire]
 53208 | Zot:2    | Killed an orb of fire
 53523 | Zot:2    | Identified the Almanac of Fetching Black Rites
 54821 | Zot:4    | Lost mutation: Your body sometimes deteriorates upon taking
                  | damage. [potion of mutation]
 54821 | Zot:4    | Lost mutation: Your spells are a little easier to cast, but
                  | a little less powerful. [potion of mutation]
 54821 | Zot:4    | Gained mutation: Your movements are slightly less
                  | encumbered by armour. (ER -2) [potion of mutation]
 54821 | Zot:4    | Gained mutation: Your magical capacity is low. (-10% MP)
                  | [potion of mutation]
 54821 | Zot:4    | Gained mutation: Your flesh is cold resistant. (rC+)
                  | [potion of mutation]
 54821 | Zot:4    | Gained mutation: Your mind is acute. (Int +2) [potion of
                  | mutation]
 54844 | Zot:5    | Entered Level 5 of the Realm of Zot
 55165 | Zot:5    | Noticed an orb of fire
 55466 | Zot:5    | Noticed an orb of fire
 55466 | Zot:5    | Noticed an orb of fire
 55466 | Zot:5    | Gained mutation: You are clumsy. (Dex -2) [an orb of fire]
 55468 | Zot:5    | Gained mutation: You tend to lose your temper in combat.
                  | [an orb of fire]
 55472 | Zot:5    | Gained mutation: Your body sometimes deteriorates upon
                  | taking damage. [an orb of fire]
 55477 | Zot:5    | Killed an orb of fire
 55479 | Zot:5    | Lost mutation: You are clumsy. (Dex -2) [an orb of fire]
 55484 | Zot:5    | Killed an orb of fire
 55498 | Zot:5    | Lost mutation: Your mind is acute. (Int +2) [potion of
                  | mutation]
 55498 | Zot:5    | Lost mutation: Your body sometimes deteriorates upon taking
                  | damage. [potion of mutation]
 55498 | Zot:5    | Lost mutation: You tend to lose your temper in combat.
                  | [potion of mutation]
 55498 | Zot:5    | Gained mutation: You have a pair of large horns on your
                  | head. [potion of mutation]
 55498 | Zot:5    | Gained mutation: You are weak. (Str -2) [potion of
                  | mutation]
 55498 | Zot:5    | Lost mutation: You are weak. (Str -2) [potion of mutation]
 55498 | Zot:5    | Gained mutation: You are covered in fur. (AC +1) [potion of
                  | mutation]
 55530 | Zot:5    | Noticed an ancient lich
 55549 | Zot:5    | Noticed an orb of fire
 55553 | Zot:5    | Killed an ancient lich
 55555 | Zot:5    | Gained mutation: You are clumsy. (Dex -2) [an orb of fire]
 55558 | Zot:5    | Gained mutation: Scrolls take you a little longer to read.
                  | [an orb of fire]
 55561 | Zot:5    | Killed an orb of fire
 55562 | Zot:5    | Noticed an orb of fire
 55574 | Zot:5    | Gained mutation: You are frail. (-10% HP) [an orb of fire]
 55575 | Zot:5    | Gained mutation: Your spells are a little easier to cast,
                  | but a little less powerful. [an orb of fire]
 55585 | Zot:5    | Killed an orb of fire
 55633 | Zot:5    | Lost mutation: Your spells are a little easier to cast, but
                  | a little less powerful. [potion of mutation]
 55633 | Zot:5    | Lost mutation: You are frail. (-10% HP) [potion of
                  | mutation]
 55633 | Zot:5    | Gained mutation: Your natural rate of healing is unusually
                  | fast. [potion of mutation]
 55633 | Zot:5    | Lost mutation: You are clumsy. (Dex -2) [potion of
                  | mutation]
 55711 | Zot:5    | Noticed an orb of fire
 55724 | Zot:5    | Gained mutation: Your magical capacity is very low. (-20%
                  | MP) [an orb of fire]
 55731 | Zot:5    | Killed an orb of fire
 55827 | Zot:5    | Noticed an ancient lich
 55839 | Zot:5    | Killed an ancient lich
 55848 | Zot:5    | Noticed a juggernaut
 55848 | Zot:5    | a Killer Klown changed into a juggernaut
 55854 | Zot:5    | Killed a juggernaut
 55872 | Zot:5    | Noticed an orb of fire
 55874 | Zot:5    | Noticed an orb of fire
 55889 | Zot:5    | Killed an orb of fire
 55906 | Zot:5    | Killed an orb of fire
 55906 | Zot:5    | Reached skill level 27 in Armour
 55921 | Zot:5    | Noticed an ancient lich
 55938 | Zot:5    | Killed an ancient lich
 56108 | Zot:5    | Noticed an ancient lich
 56115 | Zot:5    | Killed an ancient lich
 56148 | Zot:5    | Got the Orb of Zot
 56195 | Zot:2    | Noticed Kiuzxein the pandemonium lord
 56623 | D:7      | Noticed Naruh the pandemonium lord
 56635 | D:7      | Killed Naruh the pandemonium lord
 56779 | D:1      | Noticed Unaingol the pandemonium lord
 56792 | D:$      | Escaped with the Orb!

Skill      XL: |  1  2  3  4  5  6  7  8  9 10 11 12 13 14 15 16 17 18 19 20 21 22 23 24 25 26 27 |
---------------+----------------------------------------------------------------------------------+-----
Fighting       | 4 5 6 7 8 9 10 11 12 14 15 16 18 19 20 21 22 23 24 25 27 | 27.0
Armour         | 2 3 5 6 7 8 9 10 11 12 13 14 15 16 17 19 27 | 27.0
Axes           | 1 3 6 9 11 13 14 16 17 18 19 20 21 22 23 24 25 26 27 | 27.0
Evocations     | 1 2 4 5 6 |  6.8
Invocations    | 2 3 4 5 6 7 8 9 10 11 12 13 14 15 16 17 18 23 | 23.1
Shields        | 2 3 5 7 8 10 11 13 14 16 17 18 19 20 21 24 27 | 27.0
Polearms       | 1 |  1.6
Long Blades    | |  2.4
Throwing       | |  1.0
Dodging        | |  2.1

Action                   |  1- 3 |  4- 6 |  7- 9 | 10-12 | 13-15 | 16-18 | 19-21 | 22-24 | 25-27 || total
-------------------------+-------+-------+-------+-------+-------+-------+-------+-------+-------++-------
Melee: Short sword       |    57 |    68 |       |       |       |       |       |       |       ||   125
       Headbutt          |    12 |    25 |    49 |   118 |   263 |   337 |   313 |   382 |   713 ||  2212
       Falchion          |     1 |       |       |       |       |       |       |       |       ||     1
       War axe           |       |   123 |   233 |   230 |       |       |       |       |       ||   586
       Broad axe         |       |       |       |   253 |   880 |  1001 |  1039 |  1168 |  1981 ||  6322
       Spear             |       |       |       |       |    18 |       |       |       |       ||    18
Throw: Tomahawk          |       |     1 |       |     2 |       |       |       |       |       ||     3
       Javelin           |       |       |       |       |       |       |       |       |     2 ||     2
Invok: Minor Destruction |       |       |       |     9 |     4 |       |       |       |       ||    13
       Lesser Servant of |       |       |       |     1 |     5 |       |       |       |       ||     6
Evoke: Wand              |       |       |    13 |    20 |     2 |     8 |     7 |     3 |     4 ||    57
  Use: Scroll            |       |       |    16 |     5 |    21 |    12 |     7 |     8 |    19 ||    88
       Potion            |       |       |     1 |     1 |     1 |     6 |     4 |     2 |     6 ||    21
 Stab: Paralysed         |       |       |       |       |     1 |       |       |       |       ||     1
       Distracted        |       |       |       |       |       |     1 |     2 |       |     2 ||     5
       Confused          |       |       |       |       |       |     1 |       |     4 |       ||     5
       Petrified         |       |       |       |       |       |       |     8 |       |       ||     8
       Petrifying        |       |       |       |       |       |       |     3 |       |       ||     3
  Eat: Chunk             |       |    14 |     8 |    22 |    30 |    22 |    25 |    23 |    26 ||   170
       Ration            |       |       |       |       |       |       |       |     2 |     4 ||     6
Armor: Robe              |    13 |     1 |       |       |       |       |       |       |       ||    14
       Ring mail         |       |    41 |       |       |       |       |       |       |       ||    41
       Leather armour    |       |     8 |       |       |       |       |       |       |       ||     8
       Scale mail        |       |    29 |       |       |       |       |       |       |       ||    29
       Chain mail        |       |     3 |   151 |       |       |       |       |       |       ||   154
       Plate armour      |       |       |       |   361 |   322 |   266 |   346 |   242 |   245 ||  1782
       Ice dragon scales |       |       |       |       |     4 |       |       |       |       ||     4
       Gold dragon scale |       |       |       |       |       |       |       |       |   345 ||   345
Dodge: Dodged            |    40 |   136 |   119 |   149 |    99 |    95 |   141 |   118 |   262 ||  1159
Block: Buckler           |       |       |    27 |    51 |       |       |       |       |       ||    78
       Large shield      |       |       |       |   182 |   806 |   858 |  1222 |  1161 |  2082 ||  6311
       Reflection        |       |       |       |       |    26 |    59 |   196 |   147 |    69 ||   497
